 Dungeon Crawl Stone Soup version 0.21.1-1-g345015f (webtiles) character file.

48 wilfster70 the Cutter (level 4, -5/29 HPs)
             Began as a Halfling Warper on June 12, 2018.
             Was an Initiate of Nemelex Xobeh.
             Slain by an air elemental (10 damage)
             ... summoned by the player character
             ... on level 2 of the Dungeon.
             The game lasted 00:06:08 (1301 turns).

wilfster70 the Cutter (Halfling Warper)             Turns: 1301, Time: 00:06:09

Health: -5/29      AC:  5    Str: 13    XL:     4   Next: 0%
Magic:  6/6        EV: 12    Int:  9    God:    Nemelex Xobeh [......]
Gold:   110        SH:  4    Dex: 13    Spells: 2/6 levels left

rFire    . . .     SeeInvis +   a - +0 short sword
rCold    . . .     Gourm    .   l - +0 buckler
rNeg     . . .     Faith    .   k - +0 ring mail
rPois    .         Spirit   .   (no helmet)
rElec    .         Reflect  .   (no cloak)
rCorr    .         Harm     .   (no gloves)
MR       .....                  (no boots)
Stlth    +.........             (no amulet)
HPRegen  0.09/turn              g - -2 ring of intelligence (curse)
MPRegen  0.10/turn              i - ring of see invisible

@: flying (expiring)
A: small, mutation resistance 1
a: Renounce Religion


You were on level 2 of the Dungeon.
You worshipped Nemelex Xobeh.
Nemelex Xobeh was noncommittal.
You were not hungry.

You visited 1 branch of the dungeon, and saw 2 of its levels.

You collected 110 gold pieces.

Inventory:

Hand Weapons
 a - a +0 short sword (weapon)
Missiles
 e - 5 tomahawks of dispersal (quivered)
 h - 29 stones
Armour
 k - a +0 ring mail (worn)
 l - a +0 buckler (worn)
Jewellery
 g - a cursed -2 ring of intelligence (left hand)
 i - a ring of see invisible (right hand)
Scrolls
 d - a scroll of blinking
Books
 c - a book of Spatial Translocations

   Spells                             Type                      Level
   a - Blink                          Translocation                2
   b - Shroud of Golubria             Charms/Translocation         2
   c - Lesser Beckoning               Translocation                3
   d - Gell's Gravitas                Translocation                3
   e - Teleport Other                 Translocation                3
   f - Passage of Golubria            Translocation                4
Miscellaneous
 j - a plain deck of destruction {drawn: 6}
Comestibles
 b - 3 chunks of flesh
 f - 5 rations


   Skills:
 - Level 1.7 Fighting
 + Level 3.6 Short Blades
 - Level 1.0 Throwing
 - Level 2.0 Armour
 - Level 2.1 Dodging
 + Level 0.3 Shields
 - Level 1.5 Spellcasting
 + Level 1.7 Charms
 - Level 3.2 Translocations


You had 2 spell levels left.
You knew the following spells:

 Your Spells              Type           Power        Failure   Level  Hunger
a - Blink                 Tloc           N/A          43%         2    ###....
b - Shroud of Golubria    Chrm/Tloc      #.........   54%         2    ###....


Dungeon Overview and Level Annotations

Branches:
Dungeon (2/15)

Altars:
Kikubaaqudgha
Nemelex Xobeh


Innate Abilities, Weirdness & Mutations

You are small and have problems with some larger weapons.
You are somewhat resistant to further mutation.


Message History

You barely miss the air elemental.
The air elemental is lightly damaged.
You are engulfed in raging winds.
The winds around the air elemental start to calm down.
You block the air elemental's attack. The air elemental hits you!
* * * LOW HITPOINT WARNING * * *
Evoke which item? (* to show all) (? for menu, Esc to quit)
You draw a card...
It is Vitriol.
You have drawn Vitriol.
Press: ? - help, Shift-Dir - straight line, f - air elemental
Aim: an air elemental (lightly damaged, summoned)
The glob of acid hits the air elemental.
The air elemental is splashed with acid.
The acid corrodes the air elemental!
The air elemental is heavily damaged.
The air elemental hits you.
* * * LOW HITPOINT WARNING * * *
The air elemental hits you!
You die...
Your body disappears without a glow.

#...### #.....###
#...#...# #...##.## ####
#...##.# ...# ##.###§#
...# ######.###§#######
...# ##........§§§......
...###..####.###@#######
.......## #.# #E#
...#.### #.# #§#
...#...# #.# #§#
...###.# #.. #.# ...#
#†# ##. #§. #### #.# .
#.# ...# #.# ... ...#
#.# #.#


You could see an air elemental.

Vanquished Creatures
  An adder (D:2)
  A worm (D:2)
  A dart slug (D:1)
  2 leopard geckos (D:1)
  3 ball pythons
  6 bats
  A giant cockroach (D:2)
  2 hobgoblins
  4 kobolds (D:1)
  2 frilled lizards
  6 goblins
  3 rats
32 creatures vanquished.

Notes
Turn   | Place    | Note
-------+----------+-------------------------------------------
     0 | D:1      | wilfster70 the Halfling Warper began the quest for the Orb.
     0 | D:1      | Reached XP level 1. HP: 14/14 MP: 3/3
   133 | D:1      | Found a sparkling altar of Nemelex Xobeh.
   141 | D:1      | Became a worshipper of Nemelex Xobeh the Trickster
   164 | D:1      | Reached XP level 2. HP: 18/19 MP: 4/4
   171 | D:1      | Learned a level 2 spell: Blink
   174 | D:1      | Learned a level 2 spell: Shroud of Golubria
   181 | D:1      | Received a gift from Nemelex Xobeh
   542 | D:1      | Reached XP level 3. HP: 23/24 MP: 5/5
   551 | D:1      | Reached skill level 1 in Charms
  1002 | D:2      | Found an ancient bone altar of Kikubaaqudgha.
  1296 | D:2      | Reached XP level 4. HP: 29/29 MP: 6/6
  1296 | D:2      | Noticed an air elemental
  1301 | D:2      | Slain by an air elemental

Skill      XL: |  1  2  3 |
---------------+----------+-----
Short Blades   | 3 |  3.6
Armour         | 2 |  2.0
Charms         | 1 |  1.7
Fighting       | |  1.7
Throwing       | |  1.0
Dodging        | |  2.1
Shields        | |  0.3
Spellcasting   | |  1.5
Translocations | |  3.2

Action                   |  1- 3 |  4- 6 || total
-------------------------+-------+-------++-------
Melee: Short sword       |   132 |     1 ||   133
Evoke: Deck              |     4 |     2 ||     6
  Use: Scroll            |     2 |       ||     2
  Eat: Chunk             |     1 |       ||     1
Armor: Leather armour    |     5 |       ||     5
       Ring mail         |    44 |       ||    44
Dodge: Dodged            |    88 |       ||    88
Block: Buckler           |       |     1 ||     1
